 Dungeon Crawl Stone Soup version 0.24.0-41-g2ae2f7f1be (webtiles) character file.

Game seed: 16514809995208262578, levelgen mode: deterministic

129 Gwanngwann the Conjurer (level 4, -2/37 HPs)
             Began as a Draconian Conjurer on Dec 13, 2019.
             Slain by a gnoll
             ... wielding a +0 club
              (3 damage)
             ... on level 3 of the Dungeon.
             The game lasted 00:26:58 (1962 turns).

Gwanngwann the Conjurer (Draconian Conjurer)        Turns: 1962, Time: 00:26:59

Health: -2/37      AC:  5    Str:  9 (10) XL:     4   Next: 88%
Magic:  8/8        EV: 12    Int: 16 (17) God:
Gold:   119        SH:  0    Dex: 10 (11) Spells: 7/8 levels left

rFire    . . .     SeeInvis .   u - +3 spear
rCold    . . .     Gourm    .   (no shield)
rNeg     . . .     Faith    .   (armour unavailable)
rPois    .         Spirit   .   (helmet restricted)
rElec    .         Reflect  .   (no cloak)
rCorr    .         Harm     .   (no gloves)
MR       .....     Clarity  +   (no boots)
Stlth    ++........             (no amulet)
HPRegen  0.12/turn              (no ring)
MPRegen  0.11/turn              (no ring)

@: no status effects
A: unfitting armour, talons 1, clarity, robust 1, cold-blooded, AC +5
a: no special abilities


You were on level 3 of the Dungeon.
You were not hungry.

You visited 1 branch of the dungeon, and saw 3 of its levels.

You collected 119 gold pieces.

Inventory:

Hand Weapons
 e - a +0 club
 f - a +0 hunting sling
 h - a +0 rapier
 i - a +1 dagger
 l - a +0 hand axe
 o - a +0 mace
 q - a +0 hand axe
 u - a +3 spear (weapon)
Missiles
 a - 41 bolts
 c - 8 poisoned darts (quivered)
Armour
 d - a +0 helmet
 j - a +0 leather armour
 m - a +0 scale mail
 n - a +0 plate armour
 p - a +0 chain mail
Jewellery
 k - an uncursed ring of stealth {unknown}
Scrolls
 s - a scroll of enchant weapon
Potions
 r - a potion of flight {unknown}
 t - a potion of degeneration
Comestibles
 b - a ration
 g - a chunk of flesh


   Skills:
 + Level 0.6 Fighting
 + Level 1.3 Short Blades
 + Level 0.3 Throwing
 + Level 2.1 Dodging
 + Level 2.3 Stealth
 + Level 2.7 Spellcasting
 + Level 5.0 Conjurations


You had 7 spell levels left.
You knew the following spells:

 Your Spells              Type           Power        Failure   Level  Hunger
a - Magic Dart            Conj           ###.         2%          1    #......

Your spell library contained the following spells:

 Spells                   Type           Power        Failure   Level  Hunger
 Searing Ray              Conj           ###...       3%          2    ##.....
 Dazzling Spray           Conj/Hex       ##....       21%         3    ###....
 Iskenderun's Mystic Bla  Conj           ###.....     24%         4    #####..
 Force Lance              Conj/Tloc      ##......     56%         4    #####..
 Fulminant Prism          Conj/Hex       ##........   56%         4    #####..


Dungeon Overview and Level Annotations

Branches:
Dungeon (3/15)

Altars:
Cheibriados
Okawaru


Innate Abilities, Weirdness & Mutations

Your plain brown scales are hard. (AC +5)
You cannot fit into any form of body armour.
You are cold-blooded and may be slowed by cold attacks.
You have sharp toenails.
You possess an exceptional clarity of mind.
You are robust. (+10% HP)


Message History

A goblin comes into view. It is wielding a +0 spear.
The bat hits you but does no damage.
A goblin comes into view. It is wielding a +0 spear.
The goblin shouts!
The bat hits you.
* * * LOW HITPOINT WARNING * * *
Found an iron altar of Okawaru.
The bat hits you but does no damage. The bat barely misses you.
Found a scroll labeled LUTETUDW ZYUM.
The bat hits you but does no damage. The bat hits you but does no damage.
The bat hits you.
* * * LOW HITPOINT WARNING * * *
The bat hits you but does no damage. x2
The bat hits you but does no damage. The bat closely misses you.
The bat closely misses you. The gnoll misses you.
The gnoll hits you with a +0 club.
You die...

.............≈≈≈.8
#..............8_
#...........≈≈≈.
#...........≈g≈
#...........######
#..g..............
#g................
#bg.....#########.
#@.........# #.
#........?.# #.
#####......# #.
#......# #.
#......# #.
#......# #. #. #.
##


You could see 3 gnolls and a bat.

Vanquished Creatures
  Terence (D:2)
  A gnoll (D:3)
  3 adders (D:2)
  An ooze (D:2)
  An adder zombie (D:2)
  An adder skeleton (D:2)
  2 worms (D:2)
  2 dart slugs (D:1)
  10 bats
  A bat skeleton (D:2)
  A giant cockroach (D:1)
  6 goblins
  9 hobgoblins
  A quokka (D:2)
  A ball python (D:2)
  2 frilled lizards
  A kobold (D:2)
  2 leopard gecko zombies (D:2)
  3 rats
49 creatures vanquished.

Notes
Turn   | Place    | Note
-------+----------+-------------------------------------------
     0 | D:1      | Gwanngwann the Draconian Conjurer began the quest for the
                  | Orb.
     0 | D:1      | Reached XP level 1. HP: 14/14 MP: 3/3
     6 | D:1      | Noticed an electric eel
   252 | D:1      | Reached XP level 2. HP: 7/20 MP: 5/5
   865 | D:2      | Found a snail-covered altar of Cheibriados.
   880 | D:2      | Reached XP level 3. HP: 19/26 MP: 3/6
  1113 | D:2      | Noticed Terence
  1128 | D:2      | Killed Terence
  1128 | D:2      | Reached XP level 4. HP: 19/33 MP: 1/7
  1151 | D:2      | Reached skill level 5 in Conjurations
  1194 | D:2      | Reached skill level 1 in Short Blades
  1294 | D:2      | Gained mutation: You are robust. (+10% HP) [potion of
                  | mutation]
  1294 | D:2      | Gained mutation: You have sharp toenails. [potion of
                  | mutation]
  1294 | D:2      | Gained mutation: You possess an exceptional clarity of
                  | mind. [potion of mutation]
  1944 | D:3      | HP: 1/37 [gnoll/+0 spear (2)]
  1952 | D:3      | Found an iron altar of Okawaru.
  1952 | D:3      | HP: 1/37 [bat (1)]
  1957 | D:3      | HP: 1/37 [bat (1)]
  1962 | D:3      | Slain by a gnoll

Levels and vault maps discovered:
D:1:      arrival_aquarium_a, layout_basic, dk_noncrumbling_2
D:2:      layout_basic, lemuel_round_altar, serial_undead, serial_undead_c,
          serial_undead_f, serial_undead_b, serial_undead_a, serial_undead_c,
          serial_undead_d, uniq_terence
D:3:      layout_basic, kennysheep_okawaru_gauntlet

Skill      XL: |  1  2  3  4 |
---------------+-------------+-----
Stealth        | 2 |  2.3
Dodging        | 2 |  2.1
Conjurations   | 5 |  5.0
Short Blades   | 1 |  1.3
Fighting       | |  0.6
Throwing       | |  0.3
Spellcasting   | |  2.7

Action                   |  1- 3 |  4- 6 || total
-------------------------+-------+-------++-------
Melee: Club              |    14 |       ||    14
       Unarmed           |     4 |       ||     4
       Dagger            |    48 |    13 ||    61
       Tailslap          |     5 |     3 ||     8
       Rapier            |       |    25 ||    25
       Kick              |       |     5 ||     5
       Spear             |       |     2 ||     2
Throw: Dart              |    10 |       ||    10
 Cast: Magic Dart        |    33 |    29 ||    62
  Use: Scroll            |     4 |     1 ||     5
       Potion            |     4 |     3 ||     7
 Stab: Sleeping          |     4 |       ||     4
  Eat: Chunk             |     1 |     3 ||     4
       Ration            |       |     1 ||     1
Armor: Skin              |    19 |    22 ||    41
Dodge: Dodged            |    45 |    25 ||    70
